 Dungeon Crawl Stone Soup version 0.27.1-35-g4d5d836560 (webtiles) character file.

Game seed: 18174901308109790487

31 gzilladon the Skirmisher (level 3, 0/34 HPs)
             Began as a Naga Fighter on Oct 11, 2022.
             Slain by Robin (4 damage)
             ... on level 2 of the Dungeon.
             The game lasted 00:03:08 (906 turns).

gzilladon the Skirmisher (Naga Fighter)              Turns: 906, Time: 00:03:08

Health: 0/34       AC:  4    Str: 19    XL:     3   Next: 22%
Magic:  3/3        EV:  5    Int:  8    God:
Gold:   23         SH:  8    Dex: 10    Spells: 2/2 levels left

rFire    . . .     SeeInvis +   a - +0 war axe
rCold    . . .     Faith    .   c - +0 kite shield
rNeg     . . .     Spirit   .   b - +0 scale mail
rPois    +         Reflect  .   (no helmet)
rElec    .         Harm     .   (no cloak)
rCorr    .         Rampage  .   (no gloves)
Will     .....                  (no barding)
Stlth    ..........             (no amulet)
HPRegen  0.11/turn              (no ring)
MPRegen  0.08/turn              (no ring)

@: mighty, very slow
A: AC +1, large, see invisible, deformed body, poison resistance, slowness 2,
spit poison 1, naga tail 1
a: Spit Poison


You were on level 2 of the Dungeon.
You visited 1 branch of the dungeon, and saw 2 of its levels.

You collected 23 gold pieces.

Inventory:

Hand Weapons
 a - a +0 war axe (weapon)
Missiles
 h - 21 arrows
 i - 26 stones
Armour
 b - a +0 scale mail (worn)
 c - a +0 kite shield (worn)
Jewellery
 j - a ring of protection from fire
Scrolls
 f - a scroll of teleportation {unknown}
 k - a scroll of silence {unknown}
Potions
 d - a potion of might
 e - a potion of lignification {unknown}
 g - a potion of flight {unknown}


   Skills:
 + Level 3.0 Fighting
 + Level 2.6 Axes
 + Level 2.7 Armour
 + Level 0.4 Dodging
 + Level 0.2 Stealth
 + Level 2.7 Shields


You had 2 spell levels left.
You didn't know any spells.
Your spell library contained the following spells:

 Spells                   Type           Power      Damage    Failure   Level
 Ozocubu's Armour         Ice            0%         N/A       100%        3
 Metabolic Englaciation   Hex/Ice        0%         N/A       100%        5
 Simulacrum               Ice/Necr       0%         N/A       100%        6


Dungeon Overview and Level Annotations

Branches:
Dungeon (2/15)

Altars:

Annotations:
D:2 Robin


Innate Abilities, Weirdness & Mutations

Your serpentine skin is tough. (AC +1)
You have supernaturally acute eyesight. (SInv)
Armour fits poorly on your strangely shaped body.
Your system is resistant to poisons. (rPois)
You cover ground very slowly.
You can spit poison.
You have a snake-like lower body.


Message History

Your experience leads to an increase in your attributes!
Increase (S)trength, (I)ntelligence, or (D)exterity?
You feel stronger.
Your skin feels tougher.
You slash the hobgoblin!
You kill the hobgoblin!
Your shield and scale mail prevent you from hitting the goblin.
The goblin barely misses you. x2; The hobgoblin hits you.
You slash the hobgoblin!
You kill the hobgoblin!
You hit the goblin.
You kill the goblin!
Robin hits you but does no damage. The hobgoblin hits you.
You block Robin's attack.
You barely miss the hobgoblin.
The hobgoblin no longer looks unusually strong.
You block the hobgoblin's attack. Robin hits you but does no damage.
The hobgoblin completely misses you.
You hit the hobgoblin but do no damage.
Robin hits you from afar with a +0 trident.
The hobgoblin hits you.
Robin roars a battlecry!
The hobgoblin goes into a battle-frenzy!
You slash the hobgoblin!
You kill the hobgoblin!
The hobgoblin no longer looks unusually strong. x2
You block Robin's attack. The hobgoblin hits you.
* * * LOW HITPOINT WARNING * * *
Robin closely misses you.
You barely miss the hobgoblin. The hobgoblin completely misses you.
Robin hits you from afar with a +0 trident.
* * * LOW HITPOINT WARNING * * *
The hobgoblin hits you but does no damage.
You slash the hobgoblin!
You kill the hobgoblin!
You block Robin's attack.
Robin hits you from afar with a +0 trident.
* * * LOW HITPOINT WARNING * * *
You barely miss the hobgoblin. You block the hobgoblin's attack.
Robin hits you from afar with a +0 trident.
You die...

########.#
#.# #.#
#.# ###
#.# ....
#.# .....
#.#
......##.#
......g@)#
.....g####
#.###


You could see Robin and a hobgoblin.

Vanquished Creatures
  2 dart slugs (D:1)
  An endoplasm (D:1)
  A giant cockroach (D:2)
  8 goblins
  4 hobgoblins (D:2)
  2 ball pythons (D:1)
  2 bats
  3 rats (D:1)
23 creatures vanquished.

Notes
Turn   | Place    | Note
-------+----------+-------------------------------------------
     0 | D:1      | gzilladon the Naga Fighter began the quest for the Orb.
     0 | D:1      | Reached XP level 1. HP: 21/21 MP: 1/1
   198 | D:1      | Reached XP level 2. HP: 25/28 MP: 2/2
   559 | D:1      | Found a faded altar of an unknown god.
   887 | D:2      | Noticed Robin
   899 | D:2      | Reached XP level 3. HP: 22/34 MP: 3/3
   906 | D:2      | Slain by Robin

Illustrated notes

Levels and vault maps discovered:
D:1:      saegor_arrival_simple_e, layout_loops_cross,
          chequers_ecumenical_altar_simple_redux, chequers_serial_rivers_micro_a
D:2:      layout_basic, uniq_robin, uniq_terence

Action                   || total
-------------------------++-------
Melee: War axe           ||    63
  Use: Potion            ||     1
Armor: Scale mail        ||    42
Dodge: Dodged            ||    29
Block: Kite shield       ||    46
